 Dungeon Crawl Stone Soup version 0.23.2-33-g5129a83184 (webtiles) character file.

Game seed: 6233014623076633223

100 H0rd4k the Charlatan (level 5, -2/37 HPs)
             Began as a Human Artificer on July 23, 2019.
             Slain by an orc wizard
             ... wielding a +0 dagger
              (5 damage)
             ... on level 3 of the Dungeon.
             The game lasted 00:03:28 (2858 turns).

H0rd4k the Charlatan (Human Artificer)              Turns: 2858, Time: 00:03:29

Health: -2/37      AC:  2    Str: 14    XL:     5   Next: 3%
Magic:  7/7        EV: 13    Int: 11    God:
Gold:   191        SH:  0    Dex: 13    Spells: 4/4 levels left

rFire    . . .     SeeInvis .   a - +0 short sword
rCold    . . .     Gourm    .   (no shield)
rNeg     . . .     Faith    .   v - +0 robe (curse)
rPois    .         Spirit   .   (no helmet)
rElec    .         Reflect  .   (no cloak)
rCorr    .         Harm     .   (no gloves)
MR       .....                  (no boots)
Stlth    ++........             (no amulet)
HPRegen  0.12/turn              (no ring)
MPRegen  0.10/turn              (no ring)

@: no status effects
A: no striking features
a: no special abilities


You were on level 3 of the Dungeon.
You were not hungry.

You visited 1 branch of the dungeon, and saw 3 of its levels.

You collected 191 gold pieces.

Inventory:

Hand Weapons
 a - a +0 short sword (weapon)
Missiles
 r - 18 poisoned needles
Armour
 b - a +0 leather armour
 v - a cursed +0 robe (worn)
Jewellery
 o - an uncursed ring of positive energy {unknown}
 q - a +2 ring of strength {unknown}
Wands
 c - a wand of flame (23)
 d - a wand of enslavement (15)
 e - a wand of random effects (13)
 t - a wand of iceblast (8)
Scrolls
 g - 6 scrolls of identify {unknown}
 l - 2 scrolls of amnesia {unknown}
 n - a scroll of noise {unknown}
 p - a scroll of remove curse {unknown}
 s - a scroll of fog {unknown}
Potions
 h - 3 potions of curing {unknown}
 i - 3 potions of mutation {unknown}
 j - a potion of might {unknown}
 k - 2 potions of magic {unknown}
 m - 2 potions of flight {unknown}
Comestibles
 f - 5 rations


   Skills:
 + Level 1.2 Fighting
 + Level 3.0 Short Blades
 + Level 1.6 Armour
 + Level 2.5 Dodging
 + Level 1.3 Stealth
 + Level 3.2 Evocations


You had 4 spell levels left.
You didn't know any spells.
Your spell library was empty.

Dungeon Overview and Level Annotations

Branches:
Dungeon (3/15)

Altars:

Annotations:
D:2 exclusion: 2 downstairs
D:3 Sigmund


Message History

The orc wizard points at you and mumbles some strange words.
The puff of flame hits you!
You closely miss the orc wizard. The orc wizard misses you.
You miss the orc wizard.
Evoke which item? (* to show all) (? for menu, Esc to quit)
Aiming: Throw Flame
Press: ? - help, Shift-Dir - straight line, f - orc wizard
Aim: an orc wizard, wielding a +0 dagger and wearing a +0 robe The puff of flame hits the orc wizard!
The orc wizard is heavily wounded.
The orc wizard gestures at you while chanting.
The puff of flame hits you!
* * * LOW HITPOINT WARNING * * *
Evoke which item? (* to show all) (? for menu, Esc to quit)
Aiming: Throw Flame
Press: ? - help, Shift-Dir - straight line, f/p - orc wizard
Aim: an orc wizard, wielding a +0 dagger and wearing a +0 robe (heavily wounded)
The puff of flame misses the orc wizard.
The orc wizard hits you with a +0 dagger.
You die...

...##.##.####.######..#..^.#
..>.#(##..............#....#
..#...##.####.#..####...[<.#
......##..###...####..#....#
#.###.......#.####...##...(#
#..##.#........##..####....#
##.##.##..........## #....#
#.##.##.##.....############
##.#............@......#
....รท.[).######.#o...#...
##.....### #.####.# ......##
#.# ?. ....#.# ... .:.
...<#.# ... #. ....#.# .....
#...#.###### .....
###.........


You could see an orc wizard.

Vanquished Creatures
  Ijyb (D:3)
  An adder (D:3)
  3 dart slugs
  3 leopard geckos
  3 orcs
  4 bats (D:1)
  A giant cockroach (D:2)
  8 goblins
  3 hobgoblins (D:1)
  3 jackals (D:3)
  5 kobolds
  3 quokkas (D:3)
  6 frilled lizards
  2 leopard gecko skeletons
  6 rats
52 creatures vanquished.

Notes
Turn   | Place    | Note
-------+----------+-------------------------------------------
     0 | D:1      | H0rd4k the Human Artificer began the quest for the Orb.
     0 | D:1      | Reached XP level 1. HP: 15/15 MP: 3/3
   327 | D:1      | Reached XP level 2. HP: 18/21 MP: 4/4
   499 | D:1      | Reached skill level 1 in Armour
   797 | D:1      | Reached XP level 3. HP: 25/26 MP: 5/5
  1716 | D:3      | Noticed Ijyb
  1730 | D:3      | Killed Ijyb
  1730 | D:3      | Reached XP level 4. HP: 16/32 MP: 6/6
  1757 | D:3      | Noticed Sigmund
  2846 | D:3      | Reached XP level 5. HP: 36/37 MP: 7/7
  2858 | D:3      | Slain by an orc wizard

Skill      XL: |  1  2  3  4  5 |
---------------+----------------+-----
Armour         | 1 |  1.6
Short Blades   | 2 3 |  3.0
Fighting       | |  1.2
Dodging        | |  2.5
Stealth        | |  1.3
Evocations     | |  3.2

Action                   |  1- 3 |  4- 6 || total
-------------------------+-------+-------++-------
Melee: Short sword       |   141 |    72 ||   213
Evoke: Wand              |     2 |     2 ||     4
 Stab: Sleeping          |     3 |     1 ||     4
  Eat: Chunk             |     2 |     4 ||     6
Armor: Leather armour    |    51 |    11 ||    62
       Robe              |       |     1 ||     1
Dodge: Dodged            |   112 |    42 ||   154
